 Dungeon Crawl Stone Soup version 0.30-a0-845-g7c6808c8ce (webtiles) character file.

Game seed: 13905083697827008766

26422 cheesebisquit the Severer (level 13, -9/117 HPs)
             Began as a Hill Orc Fighter on Mar 2, 2023.
             Was a High Priest of Beogh.
             Engulfed by a bog body's freezing vapour (12 damage)
             ... on level 1 of the Lair of Beasts.
             The game lasted 00:57:31 (15992 turns).

cheesebisquit the Severer (Hill Orc Fighter)       Turns: 15992, Time: 00:57:32

Health: -9/117     AC: 33    Str: 24    XL:     13   Next: 25%
Magic:  20/20      EV:  6    Int:  8    God:    Beogh [*****.]
Gold:   638        SH: 11    Dex: 10    Spells: 12/12 levels left

rFire   . . .      SeeInvis +    M - +3 broad axe (protect)
rCold   . . .      Faith    .    Y - +0 kite shield
rNeg    . . .      Spirit   .    K - +1 plate armour
rPois   +          Reflect  .    U - +2 helmet {SInv}
rElec   .          Rampage  .    O - +2 cloak
rCorr   .                        (no gloves)
Will    .....                    k - +2 pair of boots Stlth
                                 G - amulet of regeneration
HPRegen 1.19/turn                q - +4 ring of slaying
MPRegen 0.17/turn                I - ring of poison resistance

@: under a protective aura
A: walk on water
a: Renounce Religion, Smiting, Recall Orcish Followers, Give Item to Named
Follower


You were on level 1 of the Lair of Beasts.
You worshipped Beogh.
Beogh was extremely pleased with you.
You visited 2 branches of the dungeon, and saw 13 of its levels.
You also visited: Sewer and Bailey.

You collected 638 gold pieces.

Inventory:

Hand Weapons
 M - a +3 broad axe of protection (weapon)
Missiles
 f - 95 stones
 t - 24 poisoned darts (quivered)
 D - 2 curare-tipped darts
 P - 2 javelins
 S - 2 throwing nets
Armour
 b - a +1 hat of willpower
 k - a +2 pair of boots (worn)
 K - a +1 plate armour (worn)
 O - a +2 cloak (worn)
 U - a +2 helmet of see invisible (worn)
 Y - a +0 kite shield (worn)
Jewellery
 a - a ring of wizardry
 q - a +4 ring of slaying (left hand)
 B - an amulet of guardian spirit
 E - a ring of wizardry
 G - an amulet of regeneration (around neck)
 I - a ring of poison resistance (right hand)
 L - an amulet of magic regeneration
 W - the ring "Yqigobeu" {rPois rN+ EV+5 Str-4}
   (You found it on level 12 of the Dungeon)

   [ring of evasion]

   EV:        It affects your evasion (+5).
   Str:       It affects your strength (-4).
   rPois:     It protects you from poison.
   rN:        It protects you from negative energy.
Wands
 p - a wand of iceblast (3)
 r - a wand of quicksilver (3)
 y - a wand of polymorph (5)
 J - a wand of charming (9)
 V - a wand of flame (13)
Scrolls
 d - a scroll of torment {unknown}
 h - 6 scrolls of teleportation
 i - a scroll of silence
 m - 2 scrolls of poison {unknown}
 n - a scroll of vulnerability {unknown}
 o - 7 scrolls of amnesia
 u - 3 scrolls of fog
 v - 2 scrolls of blinking {unknown}
 x - 2 scrolls of butterflies {unknown}
 C - 5 scrolls of fear
 F - a scroll of brand weapon
 T - a scroll of magic mapping {unknown}
 X - a scroll of immolation {unknown}
Potions
 c - a potion of haste
 e - 6 potions of heal wounds
 g - 3 potions of flight
 j - 3 potions of lignification
 l - a potion of attraction
 s - 3 potions of mutation
 w - 4 potions of brilliance
 z - 3 potions of invisibility
 A - 6 potions of curing
 N - 3 potions of resistance
 Q - a potion of cancellation {unknown}
 R - 4 potions of might


   Skills:
 + Level 11.7 Fighting
 * Level 17.0 Axes
 + Level 10.8 Armour
 + Level 10.7 Shields
 + Level 10.3 Invocations


You had 12 spell levels left.
You didn't know any spells.
Your spell library contained the following spells:

 Spells                   Type           Power      Damage    Failure   Level
 Kiss of Death            Conj/Necr      0%         2d5       100%        1
 Sandblast                Erth           0%         2d4       100%        1
 Passwall                 Tmut/Erth      0%         N/A       100%        2
 Kindle Blastsparks       Fire/Tloc/Air  0%         2d10      100%        3
 Stone Arrow              Conj/Erth      0%         3d7       100%        3
 Fulminant Prism          Conj/Hex       0%         3d5       100%        4
 Iskenderun's Mystic Bla  Conj/Tloc      0%         2d3       100%        4
 Lee's Rapid Deconstruct  Erth           0%         3d4*      100%        5


Dungeon Overview and Level Annotations

Branches:
Dungeon (12/15)            Temple (0/1) D:6            Lair (1/5) D:11
    Orc (0/2) D:9           Sewer (visited)          Bailey (visited)

Altars:
Ashenzari
Cheibriados
Dithmenos
Makhleb
Nemelex Xobeh
Ru
Sif Muna
Trog
Xom

Shops:
D:2 (


Message History

The death yak simulacrum completely resists.
The bolt of cold hits you!
* * * LOW HITPOINT WARNING * * *
Your orc wizard hits the death yak with a +0 dagger.
You slice the death yak!!
You kill the death yak!
Beogh accepts your kill.
You slash the death yak simulacrum! You hit the ice devil.
Geork hits the death yak simulacrum with a +0 dagger.
Your orc knight hits the ice devil with a +0 flail.
The death yak simulacrum gores you but does no damage.
The ice devil splashes around in the water.
You slice the death yak simulacrum!!
The death yak simulacrum vaporises!
Beogh accepts your kill.
You slash the ice devil!
Geork hits the bog body with a +0 dagger!
Your orc knight hits the ice devil but does no damage.
You block the ice devil's attack.
Your Axes skill increases to level 17!
The bog body points at you and mumbles some strange words.
Geork resists with some effort.
Your orc knight hits the ice devil with a +0 flail!
Geork casts a spell.
Your orc wizard hits the ice devil but does no damage.
You see here a yak corpse.
You swap places.
The bog body casts a spell at you. The bolt of cold hits you!!
* * * LOW HITPOINT WARNING * * *
Your orc knight splashes around in the water.
Geork gestures at the bog body while chanting.
The bog body resists with some effort.
Your orc wizard points at the ice devil and mumbles some strange words.
The magic dart hits the ice devil.
The ice devil hits your orc wizard. The ice devil freezes your orc wizard!
You slash the bog body!
The bog body is heavily damaged.
You are engulfed in freezing vapours.
You die...

................##~~≈~.#
................#~~~...#
................#~~~~.)#
.........###P#..#~≈~~..#
...#.#...# ###..o~~....#
......#..# #.4)~~....#
......+... #.3o~~~..8#
.....)#..## #.†o~~...$#
.........# #..@~~...?#
......#..# #..~n~...=#
......#..## #..~~~..∩[#
......#...# #..~~≈...=#
###..##..## #..~~~...!#
..........###P..~~≈...$#
................~~~~..8#
#.#.#.##........~~≈~...#
+.######........~


You could see an ice devil (distracted, ally target), a bog body (ally target),
a friendly orc knight, a friendly sixfirhy (summoned), the friendly Geork the
orc sorcerer (strong, invisible) and a friendly orc wizard (strong).

Vanquished Creatures
  Gastronok (D:8)
  2 vault guards (Bailey)
  2 boulder beetles (D:11)
  4 death yaks
  3 two-headed ogres
  4 cyclopes
  3 elephants (Lair:1)
  The ghost of Pimp the Covered, a novice AtFi (D:6)
  A gargoyle (D:12)
  A cane toad (Lair:1)
  2 unseen horrors
  3 rime drakes (Lair:1)
  A komodo dragon (Lair:1)
  4 polar bears
  2 trolls
  Prince Ribbit (Bailey)
  A hornet (D:7)
  A dream sheep (D:7)
  A slime creature (D:12)
  11 yaks
  A wraith (D:11)
  2 shadows
  7 humans (Bailey)
  A basilisk (D:12)
  A death yak simulacrum (Lair:1)
  A vampire mosquito (D:12)
  Edmund (D:5)
  2 acid dragons
  2 water moccasins
  A sky beast (D:7)
  2 black bears
  5 orc warriors
  5 ice beasts
  An ogre (D:5)
  2 wolves (Lair:1)
  5 centaurs
  A phantom (D:5)
  6 kobold brigands
  15 bullfrogs
  A two-headed ogre simulacrum (Lair:1)
  2 scorpions
  An entropy weaver simulacrum (Lair:1)
  8 killer bees
  2 electric eels (D:10)
  3 howler monkeys
  5 hounds
  5 orc priests
  2 jellies
  3 gnoll boudas
  Crazy Yiuf (D:7)
  A sleepcap (D:7)
  Ijyb (D:5)
  Terence (D:3)
  5 iguanas
  5 orc wizards
  A centaur simulacrum (D:10)
  13 gnolls
  16 adders
  3 river rats (Sewer)
  A shadow imp (D:6)
  A howler monkey simulacrum (D:10)
  An ufetubus (D:5)
  4 worms
  A dart slug (D:4)
  29 orcs
  6 bats
  9 endoplasms
  9 giant cockroaches (D:3)
  8 goblins
  11 hobgoblins
  4 quokkas
  6 ball pythons
  16 kobolds
  12 rats
307 creatures vanquished.

Vanquished Creatures (collateral kills)
  The ghost of tarna41 the Fighter, a journeyman MiBe of Trog (D:12)
  An ugly thing (D:12)
  A manticore (D:12)
  An elephant (Lair:1)
  A komodo dragon (Lair:1)
  2 trolls (D:12)
  2 polar bears (Lair:1)
  3 slime creatures (D:12)
  A vampire (D:9)
  A shadow (D:11)
  A yak (Lair:1)
  A steam dragon (D:9)
  3 vampire mosquitoes (D:12)
  An orc warrior (D:9)
  3 killer bees (D:9)
  A howler monkey (D:9)
  An orc priest (D:12)
  A naga simulacrum (Lair:1)
  A white imp (D:10)
  5 orcs
32 creatures vanquished.

Vanquished Creatures (others)
  4 dream sheep (D:7)
  3 orc wizards
  A worm (D:4)
  7 orcs
  20 plants
35 creatures vanquished.

Grand Total: 374 creatures vanquished

Notes
Turn   | Place    | Note
-------+----------+-------------------------------------------
     0 | D:1      | cheesebisquit the Hill Orc Fighter began the quest for the
                  | Orb.
     0 | D:1      | Reached XP level 1. HP: 19/19 MP: 1/1
    87 | D:1      | Reached skill level 3 in Axes
    97 | D:1      | Reached XP level 2. HP: 26/27 MP: 2/2
   579 | D:2      | Reached XP level 3. HP: 28/33 MP: 3/3
   651 | D:2      | Found Utukk's Weapon Shoppe.
  1218 | D:3      | Reached skill level 4 in Axes
  1218 | D:3      | Reached XP level 4. HP: 40/40 MP: 4/4
  1220 | D:3      | Found a faded altar of an unknown god.
  1233 | D:3      | Got Plato's Tractate on the Mortuary
  1316 | D:3      | Noticed Terence
  1325 | D:3      | HP: 1/40 [Terence/+1 heavy flail (11)]
  1326 | D:3      | Killed Terence
  1758 | D:3      | Reached XP level 5. HP: 32/47 MP: 5/5
  1922 | D:3      | Reached skill level 5 in Axes
  2229 | D:4      | Became a worshipper of Beogh the Brigand
  2304 | D:4      | Reached XP level 6. HP: 51/55 MP: 6/6
  2322 | D:4      | Reached skill level 5 in Fighting
  2394 | D:4      | Found a glowing drain.
  2399 | Sewer    | Entered a sewer
  2652 | Sewer    | Reached skill level 6 in Axes
  2797 | Sewer    | Reached XP level 7. HP: 61/61 MP: 7/7
  2836 | Sewer    | Reached * piety under Beogh
  2855 | Sewer    | Reached skill level 5 in Armour
  2855 | Sewer    | Reached skill level 5 in Shields
  3011 | Sewer    | Reached skill level 7 in Axes
  3372 | D:4      | Found a shimmering blue altar of Sif Muna.
  3474 | D:5      | Entered Level 5 of the Dungeon
  3493 | D:5      | Reached XP level 8. HP: 40/70 MP: 8/8
  3629 | D:5      | Reached skill level 8 in Axes
  3698 | D:5      | Noticed Ijyb
  3807 | D:4      | Found a shimmering blue altar of Sif Muna.
  4305 | D:5      | Killed Ijyb
  4416 | D:5      | Noticed Edmund
  4424 | D:5      | Killed Edmund
  4434 | D:5      | Reached skill level 9 in Axes
  4538 | D:5      | Reached ** piety under Beogh
  4687 | D:5      | Found a large runed translucent door.
  4688 | D:5      | Found a large runed translucent door.
  4955 | D:5      | Found a sparkling altar of Nemelex Xobeh.
  4960 | D:5      | Found a sacrificial altar of Ru.
  5152 | D:6      | Reached skill level 1 in Invocations
  5252 | D:6      | Reached XP level 9. HP: 78/78 MP: 9/9
  5257 | D:6      | Found a runed translucent door.
  5270 | D:6      | Noticed Pimp's ghost (novice AtFi)
  5301 | D:6      | Killed Pimp's ghost
  5302 | D:6      | Reached skill level 10 in Axes
  5378 | D:6      | Found a staircase to the Ecumenical Temple.
  6409 | D:6      | Reached skill level 11 in Axes
  6530 | D:7      | Noticed a cyclops
  6535 | D:7      | Killed a cyclops
  6536 | D:7      | Reached XP level 10. HP: 36/88 MP: 0/13
  6538 | D:7      | Noticed a cyclops
  6547 | D:7      | Noticed a cyclops
  6579 | D:7      | Killed a cyclops
  6580 | D:7      | Reached skill level 5 in Invocations
  6590 | D:7      | Killed a cyclops
  6591 | D:7      | Reached skill level 12 in Axes
  6782 | D:7      | Found a shimmering altar of Xom.
  6928 | D:7      | Found a burning altar of Makhleb.
  7118 | D:7      | Found a shadowy altar of Dithmenos.
  7294 | D:7      | Found a runed translucent door.
  7295 | D:7      | Noticed Crazy Yiuf
  7552 | D:7      | Killed Crazy Yiuf
  7638 | D:8      | Noticed Gastronok
  7680 | D:8      | Killed Gastronok
  7681 | D:8      | Reached skill level 13 in Axes
  7681 | D:8      | Reached XP level 11. HP: 22/97 MP: 15/15
  7730 | D:8      | Found a flagged portal.
  7795 | Bailey   | Entered a bailey
  7874 | Bailey   | Reached *** piety under Beogh
  7901 | Bailey   | Noticed Prince Ribbit
  7901 | Bailey   | Noticed a vault guard
  7915 | Bailey   | Killed Prince Ribbit
  7920 | Bailey   | Killed a vault guard
  7958 | Bailey   | Noticed a vault guard
  7976 | Bailey   | Killed a vault guard
  8069 | Bailey   | Reached skill level 14 in Axes
  8848 | D:9      | Found a staircase to the Orcish Mines.
  9070 | D:9      | Found a bloodstained altar of Trog.
  9095 | D:9      | Found a broken altar of Ashenzari.
  9367 | D:9      | Found a transporter.
  9367 | D:9      | Found a transporter.
  9369 | D:9      | Found a transporter.
  9385 | D:9      | Found a transporter.
  9671 | D:9      | Reached skill level 10 in Fighting
  9734 | D:9      | You fall into a shaft and drop 3 floors!
  9743 | D:12     | Noticed a two-headed ogre
  9752 | D:12     | Killed a two-headed ogre
  9752 | D:12     | Reached **** piety under Beogh
  9938 | D:12     | Noticed a manticore
 10147 | D:11     | Noticed a boulder beetle
 10161 | D:11     | Killed a boulder beetle
 10162 | D:11     | Reached XP level 12. HP: 73/106 MP: 18/18
 10236 | D:10     | Entered Level 10 of the Dungeon
 10350 | D:10     | Reached skill level 15 in Axes
 11768 | D:10     | Noticed a two-headed ogre
 11776 | D:10     | Killed a two-headed ogre
 11884 | D:10     | Found a snail-covered altar of Cheibriados.
 12174 | D:11     | Noticed a death yak
 12174 | D:11     | Noticed a death yak
 12179 | D:11     | Noticed a death yak
 12186 | D:11     | Killed a death yak
 12190 | D:11     | Killed a death yak
 12191 | D:11     | Killed a death yak
 12251 | D:11     | Found a staircase to the Lair.
 12453 | D:11     | Noticed a boulder beetle
 12465 | D:11     | Killed a boulder beetle
 12466 | D:11     | Reached skill level 10 in Armour
 12906 | D:12     | Found a runed translucent door.
 12920 | D:12     | Reached skill level 10 in Shields
 13390 | D:12     | Reached skill level 16 in Axes
 13678 | D:12     | Noticed tarna41's ghost (journeyman MiBe)
 13703 | D:12     | Noticed a two-headed ogre
 13708 | D:12     | Killed a two-headed ogre
 13913 | D:12     | Killed tarna41's ghost
 13929 | D:12     | Identified the ring "Yqigobeu" {rPois rN+ EV+5 Str-4}
 13996 | Lair:1   | Entered Level 1 of the Lair of Beasts
 14079 | Lair:1   | Reached ***** piety under Beogh
 14079 | Lair:1   | Gained Arkwar as an ally
 14331 | D:9      | Found a staircase to the Orcish Mines.
 14353 | D:9      | Found a transporter.
 14353 | D:9      | Found a transporter.
 14355 | D:9      | Found a transporter.
 14371 | D:9      | Found a transporter.
 14468 | D:9      | Found a bloodstained altar of Trog.
 14727 | D:9      | Found a broken altar of Ashenzari.
 15159 | Lair:1   | Reached XP level 13. HP: 114/116 MP: 20/20
 15179 | Lair:1   | Gained Geork as an ally
 15180 | Lair:1   | Reached skill level 10 in Invocations
 15990 | Lair:1   | Reached skill level 17 in Axes
 15991 | Lair:1   | HP: 3/117 [bog body/bolt of cold (31)]
 15992 | Lair:1   | Engulfed by a bog body's freezing vapour

Illustrated notes

Levels and vault maps discovered:
D:1:      scummos_arrival_simple_crosswalls, layout_rooms
D:2:      layout_basic, serial_shops, nicolae_shop_waterfront
D:3:      minmay_roachtagon, layout_loops_cross,
          shapermc_ecumenical_altar_rom_forum, uniq_terence
D:4:      layout_rooms, mainiacjoe_overflow_alcove_4, gup_sewer_entry_bowl,
          hangedman_decor_lopped, serial_bayou_pond_a
D:5:      layout_loops_cross, jmf_multi_god_temple2, kennysheep_generic_room_6,
          uniq_ijyb, uniq_edmund
D:6:      nicolae_cairo_tiling_very_big, layout_rooms,
          minmay_temple_entry_proselytizer, ebering_ghost_sewer_d, centaur_isle
D:7:      nzn_winding_woodlands_small [nzn_winding_woodlands_5x15_parted,
          nzn_winding_woodlands_center_garden,
          nzn_winding_woodlands_5x15_default], layout_loops_ring,
          mainiacjoe_overflow_chevrons, lemuel_doored_altar,
          kb_xom_exploding_sheep, uniq_crazy_yiuf_cottage
D:8:      layout_cave_pools, enter_bailey_8, uniq_gastronok
D:9:      layout_irregular_city, trog_three_pillars_becter,
          nicolae_ashenzari_panopticon, david_orc_2, minmay_tree_intersection,
          nicolae_diode_quadrants
D:10:     layout_loops_cross, slow_altar_2, serial_ice, serial_ice_o,
          serial_ice_k, serial_ice_e, serial_ice_d
D:11:     layout_gridville, dpeg_lair_monsters
D:12:     layout_irregular_city, ebering_ghost_reflecting_pool
Lair:1:   dreamdust_isle_of_ice, layout_chaotic_city

Skill      XL: |  1  2  3  4  5  6  7  8  9 10 11 12 13 |
---------------+----------------------------------------+-----
Axes           | 3 4 5 6 7 9 11 13 14 16 17 | 17.0
Fighting       | 4 5 6 8 9 10 11 | 11.7
Shields        | 4 5 6 7 8 9 10 | 10.7
Armour         | 4 5 6 7 8 9 10 | 10.8
Invocations    | 1 4 6 8 9 10 | 10.3

Action                     |  1- 3 |  4- 6 |  7- 9 | 10-12 | 13-15 || total
---------------------------+-------+-------+-------+-------+-------++-------
  Melee: War axe           |    79 |   165 |   246 |   251 |       ||   741
         Broad axe         |       |       |       |   245 |    46 ||   291
  Throw: Stone             |       |    17 |     4 |     3 |       ||    24
         Dart              |       |       |    14 |    28 |     2 ||    44
         Javelin           |       |       |     1 |     4 |       ||     5
 Invoke: Convert to Beogh  |       |     1 |       |       |       ||     1
         Smiting           |       |       |     4 |       |       ||     4
         Recall Orcish Fol |       |       |       |     2 |       ||     2
         Give Item to Name |       |       |       |     1 |       ||     1
  Evoke: Wand              |       |       |       |     1 |       ||     1
    Use: Potion            |       |     1 |     2 |     3 |       ||     6
         Scroll            |       |     7 |     8 |    12 |     2 ||    29
   Stab: Distracted        |       |       |       |     3 |     5 ||     8
         Confused          |       |       |       |     1 |       ||     1
 Armour: Scale mail        |    52 |    76 |    45 |       |       ||   173
         Chain mail        |       |       |   115 |       |       ||   115
         Plate armour      |       |       |     9 |   259 |    41 ||   309
  Dodge: Dodged            |    41 |    83 |    92 |   102 |     9 ||   327
  Block: Buckler           |    24 |    49 |    73 |   107 |       ||   253
         Kite shield       |       |       |       |     1 |    25 ||    26

Table legend: (Time is in decaauts)
 A = Elapsed time spent in this place.
 B = Non-inter-level travel time spent in this place.
 C = Inter-level travel time spent in this place.
 D = Time resting spent in this place.
 E = Time spent auto-exploring this place.
 F = Levels seen in this place.
 G = Mean time per level.
                   A        B        C        D        E       F      G
               +--------+--------+--------+--------+--------+-----+--------+
         Total |  16227 |  14936 |   1291 |   3080 |   8986 |  15 | 1081.8 |
       Dungeon |  13831 |  12578 |   1253 |   2447 |   7804 |  12 | 1152.6 |
          Lair |   1077 |   1039 |     38 |    521 |    391 |   1 | 1077.0 |
         Sewer |    980 |    980 |      0 |    111 |    624 |   1 |  980.0 |
        Bailey |    338 |    338 |      0 |      0 |    166 |   1 |  338.0 |
               +--------+--------+--------+--------+--------+-----+--------+

Top non-repeatable levels by time:
     D:9: 2434 daAuts
     D:6: 1383 daAuts
    D:11: 1290 daAuts
     D:7: 1281 daAuts
    D:12: 1241 daAuts
     D:5: 1091 daAuts
  Lair:1: 1077 daAuts
     D:3: 1070 daAuts
   Sewer: 980 daAuts
    D:10: 970 daAuts
     D:4: 924 daAuts
     D:8: 881 daAuts
     D:2: 759 daAuts
     D:1: 502 daAuts
  Bailey: 338 daAuts
